 Dungeon Crawl Stone Soup version 0.24.0-41-g2ae2f7f1be (webtiles) character file.

Game seed: 14983486638648955136, levelgen mode: deterministic

175 FishyPogo the Skirmisher (level 5, -9/42 HPs)
             Began as a Demonspawn Gladiator on Dec 13, 2019.
             Killed from afar by an orc wizard (12 damage)
             ... with an exploding inner flame
             ... hexed by the player character
             ... on level 4 of the Dungeon on Dec 14, 2019.
             The game lasted 00:09:47 (1746 turns).

FishyPogo the Skirmisher (Demonspawn Gladiator)     Turns: 1746, Time: 00:09:48

Health: -9/42      AC:  7    Str: 15    XL:     5   Next: 29%
Magic:  5/5        EV: 13    Int:  9    God:
Gold:   105        SH:  0    Dex: 15    Spells: 4/4 levels left

rFire    . . .     SeeInvis .   a - +0 trident
rCold    . . .     Gourm    .   (no shield)
rNeg     . . .     Faith    .   b - +0 leather armour
rPois    .         Spirit   .   c - +0 helmet
rElec    .         Reflect  .   (no cloak)
rCorr    .         Harm     .   (no gloves)
MR       .....                  p - +0 pair of boots
Stlth    +.........             e - amulet of the acrobat
HPRegen  0.14/turn              (no ring)
MPRegen  0.09/turn              (no ring)

@: very slightly contaminated, invisible
A: iridescent scales 1, powered by death 1
a: no special abilities


You were on level 4 of the Dungeon.
You were hungry.

You visited 1 branch of the dungeon, and saw 4 of its levels.

You collected 105 gold pieces.

Inventory:

Hand Weapons
 a - a +0 trident (weapon)
Missiles
 d - 3 throwing nets
 i - 84 stones (quivered)
Armour
 b - a +0 leather armour (worn)
 c - a +0 helmet (worn)
 p - a +0 pair of boots (worn)
Jewellery
 e - an amulet of the acrobat (around neck)
Scrolls
 h - a scroll of magic mapping {unknown}
 j - 2 scrolls of amnesia {unknown}
 k - 2 scrolls of identify
 r - a scroll of fog
Potions
 l - a potion of curing
 m - a potion of lignification
Comestibles
 f - a ration
 g - 8 chunks of flesh


   Skills:
 * Level 4.0 Fighting
 - Level 3.0 Polearms
 + Level 2.8 Throwing
 + Level 3.5 Dodging


You had 4 spell levels left.
You didn't know any spells.
Your spell library was empty.

Dungeon Overview and Level Annotations

Branches:
Dungeon (4/15)
 Temple: D:4-7

Altars:


Innate Abilities, Weirdness & Mutations

You are partially covered in iridescent scales. (AC +2)
You regenerate a little health from kills.


Message History

You hear an angry hiss.
The hound is engulfed in blazing flames.
The hound completely misses you. The hound misses you.
The hound closely misses you.
The orc wizard suddenly shouts.
The hound bites you.
* * * LOW HITPOINT WARNING * * *
The hound barely misses you. The orc wizard barely misses you.
The orc wizard casts a spell.
The orc wizard seems to speed up.
The hound barely misses you.
Attack whom?
Press: ? - help, Dir - move target cursor, f - hound
Aim: a hound (severely wounded, inner flame)
You hit the hound.
The hound explodes!
The fiery explosion engulfs the orc wizard!!!
The orc wizard explodes!
The fiery explosion engulfs you!
You die...

##### #...# .
########..%######..
#...%....§.§.......
..#.......5§§§...%...
..........o.§§@........
........○.°.°o...........
.##......☼§☼§o..........%
#.....○°§§○o...........
........S§○○............
..........l.....?........
...............<.........
..#............§........
#........(..oo§§o§o...


You could see an orc priest (inner flame), an orc wizard (inner flame), a
crimson imp (inner flame), an adder (inner flame), 2 orcs and a frilled lizard
(inner flame).

Vanquished Creatures
  An orc priest (D:4)
  An orc wizard (D:4)
  7 adders
  2 adder skeletons
  A worm (D:2)
  A dart slug (D:3)
  A leopard gecko (D:2)
  2 orcs
  2 ball pythons
  2 bats (D:2)
  2 giant cockroaches
  2 hobgoblins
  3 frilled lizards
  9 goblins
  6 kobolds
  2 rats
44 creatures vanquished.

Vanquished Creatures (others)
  A worker ant (D:4)
1 creature vanquished.

Grand Total: 45 creatures vanquished

Notes
Turn   | Place    | Note
-------+----------+-------------------------------------------
     0 | D:1      | FishyPogo the Demonspawn Gladiator began the quest for the
                  | Orb.
     0 | D:1      | Reached XP level 1. HP: 16/16 MP: 1/1
   593 | D:1      | Gained mutation: You regenerate a little health from kills.
                  | [demonic ancestry]
   593 | D:1      | Reached XP level 2. HP: 22/22 MP: 2/2
   811 | D:2      | Gained mutation: You are partially covered in iridescent
                  | scales. (AC +2) [demonic ancestry]
   811 | D:2      | Reached XP level 3. HP: 14/28 MP: 3/3
   970 | D:2      | Reached skill level 3 in Fighting
  1055 | D:2      | Reached XP level 4. HP: 22/35 MP: 4/4
  1667 | D:3      | Noticed an ice beast
  1737 | D:4      | Reached XP level 5. HP: 8/42 MP: 5/5
  1737 | D:4      | Reached skill level 4 in Fighting
  1746 | D:4      | Killed from afar by an orc wizard

Levels and vault maps discovered:
D:1:      nzn_arrival_settlement, layout_loops_ring
D:2:      layout_loops_cross
D:3:      cheibrodos_greedy_goblins, layout_rooms, kennysheep_generic_room_5
D:4:      layout_basic, minmay_temple_entry_crystal_x

Skill      XL: |  1  2  3  4  5 |
---------------+----------------+-----
Throwing       | 2 |  2.8
Polearms       | 3 |  3.0
Dodging        | 3 |  3.5
Fighting       | 3 4 |  4.0

Action                   |  1- 3 |  4- 6 || total
-------------------------+-------+-------++-------
Melee: Trident           |    73 |    75 ||   148
Throw: Stone             |     3 |     3 ||     6
  Use: Potion            |     1 |     2 ||     3
       Scroll            |     1 |     4 ||     5
 Stab: Sleeping          |       |     1 ||     1
  Eat: Chunk             |       |     2 ||     2
Armor: Leather armour    |    18 |    41 ||    59
Dodge: Dodged            |    43 |   104 ||   147
